Construct Infanterie Kompanie
Selects Terror Battlegroup
Selects Machine Gun Camouflage
Construct Panzergrenadier Kompanie
Pak 40 Anti-tank Gun Team
Panzergrenadier Officer Quarters
Infanterie Officer Quarters
Construct Panzer Kompanie
Construct Luftwaffe Kompanie
Selects Propaganda Leaflet Drop
Pak 40 Anti-tank Gun Team
Pak 40 Anti-tank Gun Team
Selects King Tiger Heavy Tank
Pak 40 Anti-tank Gun Team
Pak 40 Anti-tank Gun Team